 Dungeon Crawl Stone Soup version 0.27.1-1-g398f81649c (webtiles) character file.

Game seed: 6319168898075650091

246 Sudoku the Magician (level 5, -5/46 (48) HPs)
             Began as a Troll Hedge Wizard on Sept 7, 2021.
             Slain by Crazy Yiuf (8 damage)
             ... on level 2 of the Dungeon.
             The game lasted 00:16:02 (1547 turns).

Sudoku the Magician (Troll Hedge Wizard)            Turns: 1547, Time: 00:16:03

HP:   -5/46 (48)    AC:  4    Str: 18    XL:     5   Next: 84%
MP:   6/7           EV: 10    Int: 11    God:
Gold: 59            SH:  0    Dex:  9    Spells: 4/8 levels left

rFire    . . .     SeeInvis .     - Unarmed
rCold    . . .     Faith    .   (no shield)
rNeg     . . .     Spirit   .   b - +0 robe
rPois    .         Reflect  .   (helmet currently unavailable)
rElec    .         Harm     .   (no cloak)
rCorr    .         Rampage  .   (gloves unavailable)
Will     .....                  (boots unavailable)
Stlth    +.........             (no amulet)
HPRegen  1.15/turn              (no ring)
MPRegen  0.10/turn              (no ring)

@: lethally poisoned (-5 -> -11), appendages (expiring), lightly drained
A: horns 2, talons 2, large, unfitting armour, claws 3, regeneration 1, shaggy
fur 1, tough skin 1
a: End Transformation


You were on level 2 of the Dungeon.
You had temporarily grown beastly horns and talons.
You visited 1 branch of the dungeon, and saw 3 of its levels.

You collected 59 gold pieces.

Inventory:

Hand Weapons
 a - a +0 dagger
Armour
 b - a +0 robe (worn)
 c - a +0 hat (melded)
Scrolls
 e - a scroll of identify {unknown}
 f - a scroll of amnesia {unknown}
 h - a scroll of noise {unknown}
Potions
 d - a potion of flight {unknown}
 g - a potion of degeneration {unknown}
 i - a potion of haste {unknown}


   Skills:
 + Level 1.4 Fighting
 + Level 2.3 Dodging
 - Level 1.0 Stealth
 + Level 2.0 Unarmed Combat
 + Level 2.4 Spellcasting
 - Level 1.0 Conjurations
 - Level 1.0 Summonings
 + Level 1.8 Translocations
 + Level 1.4 Transmutations


You had 4 spell levels left.
You knew the following spells:

 Your Spells              Type           Power      Damage    Failure   Level
a - Magic Dart            Conj           12%        1d3       19%         1
b - Beastly Appendage     Tmut           8%         N/A       16%         1
c - Blink                 Tloc           N/A        N/A       21%         2

Your spell library contained the following spells:

 Spells                   Type           Power      Damage    Failure   Level
 Wereblood                Tmut           4%         N/A       24%         2
 Call Imp                 Summ           3%         N/A       28%         2
 Slow                     Hex            1%         N/A       38%         2
 Spider Form              Tmut/Pois      1%         N/A       54%         3
 Conjure Flame            Conj/Fire      2%         6-21      56%         3
 Mephitic Cloud           Conj/Pois/Air  2%         N/A       58%         3


Dungeon Overview and Level Annotations

Branches:
Dungeon (3/15)

Altars:

Shops:
D:2 !

Annotations:
D:1 exclusion: downstairs
D:2 Crazy Yiuf


Innate Abilities, Weirdness & Mutations

You have temporarily grown beastly horns and talons.
You are too large for most types of armour.
You have claws for hands.
Your natural rate of healing is unusually fast.
You are covered in fur. (AC +1)
You have tough skin. (AC +1)


Message History

You open the door. You closely miss Crazy Yiuf. You claw Crazy Yiuf!
Crazy Yiuf is moderately wounded.
Crazy Yiuf barely misses you.
You barely miss Crazy Yiuf.
Crazy Yiuf is moderately wounded.
Crazy Yiuf says, "Paint ladder meccalolo!"
Crazy Yiuf hits you with a +3 quarterstaff of chaos!
You are poisoned.
You barely miss Crazy Yiuf.
Crazy Yiuf is moderately wounded.
You feel very sick.
Crazy Yiuf grits, "Whippet Xom arga!"
Crazy Yiuf hits you with a +3 quarterstaff of chaos!
You barely miss Crazy Yiuf. Your headbutt misses Crazy Yiuf.
Crazy Yiuf is moderately wounded.
Your transformation is almost over.
You feel very sick.
Crazy Yiuf hits you with a +3 quarterstaff of chaos!
* * * LOW HITPOINT WARNING * * *
You feel drained.
You scratch Crazy Yiuf. Your kick misses Crazy Yiuf.
Crazy Yiuf is heavily wounded.
You feel sick.
You scratch Crazy Yiuf.
Crazy Yiuf is almost dead.
You feel sick.
Crazy Yiuf drinks a potion.
Crazy Yiuf is healed!
You barely miss Crazy Yiuf. You headbutt Crazy Yiuf!
Crazy Yiuf is severely wounded.
You feel sick.
Crazy Yiuf hits you with a +3 quarterstaff of chaos.
* * * LOW HITPOINT WARNING * * *
You are lethally poisoned!
You barely miss Crazy Yiuf. You claw Crazy Yiuf, but do no damage.
Crazy Yiuf is severely wounded.
* * * LOW HITPOINT WARNING * * *
You feel very sick.
Crazy Yiuf screams, "Mama!
Ten dark mobile."
Crazy Yiuf hits you with a +3 quarterstaff of chaos!
You die...

.+.........'..#
##.........####
.'.........#
##.........#
#####
...........#
#..)#
#..........#
#...#
#..........#
...
#.#.#'######
#g# #.#.#.#
♣♣@♣ #.#.#.#
♣.♣♣ ..#.#.#
♣♣.♣ ..#.#.###
♣.♣♣ ....#...#
♣♣.♣♣ ..#####.#
♣.P)♣♣
........#
♣P..P♣
#########
##).## ##....#


You could see Crazy Yiuf.

Vanquished Creatures
  Sigmund (D:2)
  Jessica (D:2)
  2 adders (D:2)
  A dart slug (D:2)
  6 bats
  4 endoplasms
  3 giant cockroaches
  4 goblins
  6 hobgoblins
  3 kobolds
  2 quokkas
  A ball python (D:2)
  2 frilled lizards (D:1)
  4 rats
40 creatures vanquished.

Notes
Turn   | Place    | Note
-------+----------+-------------------------------------------
     0 | D:1      | Sudoku the Troll Hedge Wizard began the quest for the Orb.
     0 | D:1      | Reached XP level 1. HP: 16/16 MP: 2/2
   197 | D:1      | Reached XP level 2. HP: 24/24 MP: 4/4
   257 | D:1      | Learned a level 1 spell: Beastly Appendage
   405 | D:2      | Noticed Jessica
   418 | D:2      | Killed Jessica
   419 | D:2      | Reached skill level 1 in Conjurations
   419 | D:2      | Reached skill level 1 in Summonings
   419 | D:2      | Reached skill level 1 in Translocations
   419 | D:2      | Reached XP level 3. HP: 23/32 MP: 3/5
   425 | D:2      | Reached skill level 1 in Unarmed Combat
   460 | D:2      | Noticed Sigmund
   994 | D:2      | Reached XP level 4. HP: 20/40 MP: 6/6
  1235 | D:2      | Killed Sigmund
  1236 | D:2      | Reached skill level 1 in Fighting
  1236 | D:2      | Reached skill level 1 in Transmutations
  1236 | D:2      | Reached XP level 5. HP: 24/48 MP: 7/7
  1286 | D:2      | Found Nopeliel's Distillery.
  1531 | D:2      | Found a runed translucent door.
  1532 | D:2      | Noticed Crazy Yiuf
  1538 | D:2      | Learned a level 2 spell: Blink
  1547 | D:2      | Slain by Crazy Yiuf

Illustrated notes

Levels and vault maps discovered:
D:1:      erik_arrival_blinker_ship, layout_basic, minmay_misc_feat_pillars,
          serial_bayou_pond_a
D:2:      layout_basic, serial_shops, nicolae_shop_stone, uniq_sigmund,
          uniq_jessica, uniq_crazy_yiuf_cottage
D:3:      layout_loops_ring, uniq_ijyb

Skill      XL: |  1  2  3  4 |
---------------+-------------+-----
Conjurations   | 1 |  1.0
Summonings     | 1 |  1.0
Translocations | 1 |  1.8
Unarmed Combat | 1 2 |  2.0
Dodging        | 2 |  2.3
Fighting       | 1 |  1.4
Transmutations | 1 |  1.4
Stealth        | |  1.0
Spellcasting   | |  2.4

Action                   |  1- 3 |  4- 6 || total
-------------------------+-------+-------++-------
Melee: Unarmed           |    76 |    52 ||   128
       Headbutt          |     1 |     2 ||     3
       Kick              |       |     5 ||     5
 Cast: Magic Dart        |     1 |       ||     1
       Beastly Appendage |     1 |     2 ||     3
 Stab: Sleeping          |     2 |     1 ||     3
Armor: Robe              |    23 |    16 ||    39
Dodge: Dodged            |    37 |    22 ||    59
